Map: Frost LE

Players

ByuN - Winner!

  • Race: Terran Terran

Stats

  • Race: Protoss Protoss

Event: 2016 WCS Global Finals

VOD

Have the link to the VOD?

Description

Time

  • Played on: Nov. 5, 2016, 4:13 p.m.
  • Length: 10:29

All games in this series

Show
View Real Time Build Order
Export as new Build Order

ByuN Terran - Winner!

Build Orders: Command Center First (CC), MMM Bio 

Get SALT Encoding   

  12  0:00  SCV  
  13  0:12  SCV  
  14  0:17  Supply Depot  
  14  0:25  SCV  
  15  0:38  SCV  
  16  0:50  SCV  
  17  0:59  Command Center  
  17  1:02  SCV  
  18  1:13  Barracks  
  18  1:16  SCV  
  19  1:21  Refinery  
  19  1:28  SCV  
  20  1:35  Barracks  
  20  1:40  SCV  
  21  1:53  SCV  
  22  2:00  Marine  
  23  2:12  Orbital Command  
  23  2:13  Orbital Command  
  23  2:20  Barracks Reactor  
  23  2:21  Barracks Tech Lab  
  23  2:25  Barracks  
  23  2:34  Refinery  
  23  2:38  SCV x2  
  23  2:39  Marine  
  26  2:50  SCV x2, Stimpack  
  28  2:55  Supply Depot  
  28  2:56  Marine  
  28  2:57  Marine  
  30  2:59  Marine  
  30  3:03  SCV x2  
  33  3:10  Engineering Bay  
  33  3:12  Barracks Reactor  
  33  3:16  SCV x2  
  33  3:18  Marine  
  33  3:19  Marine  
  37  3:20  Marine  
  38  3:27  Factory  
  38  3:31  SCV x2  
  40  3:36  Missile Turret  
  40  3:37  Marine  
  40  3:38  Marine  
  40  3:40  Marine  
  43  3:43  Supply Depot  
  43  3:48  SCV x2  
  45  3:52  Terran Infantry Weapons Level 1  
  45  3:59  Marine  
  46  4:04  Marine x3  
  46  4:05  SCV, Supply Depot  
  46  4:06  SCV  
  46  4:07  Marine  
  52  4:14  Factory Reactor  
  52  4:15  Starport  
  52  4:18  SCV x2  
  54  4:26  Marine x5  
  54  4:28  Supply Depot  
  59  4:33  SCV x2  
  59  4:36  Refinery  
  61  4:43  Supply Depot  
  61  4:45  SCV  
  61  4:49  SCV, Marine x4  
  61  4:51  Combat Shields  
  61  4:52  Marine  
  68  4:59  Medivac  
  69  5:03  Bunker  
  69  5:05  SCV, Medivac  
  72  5:08  Supply Depot  
  72  5:09  Marine x2  
  72  5:11  Marine  
  72  5:12  Marine  
  72  5:13  Marine  
  76  5:20  SCV x2  
  78  5:23  Factory Reactor, Supply Depot  
  78  5:29  Medivac  
  78  5:32  Marine x3  
  78  5:33  Marine  
  78  5:35  Medivac  
  85  5:44  Marauder  
  86  5:57  Marine x2  
  86  5:58  Marine x2  
  90  6:05  Marauder  
  90  6:09  Supply Depot  
  90  6:10  Widow Mine  
  94  6:12  Terran Infantry Armor Level 1  
  94  6:13  Supply Depot  
  94  6:14  Command Center  
  94  6:15  Widow Mine  
  96  6:22  Marine x4  
  99  6:27  Marauder  
  99  6:29  SCV  
  99  6:30  SCV  
  99  6:32  Supply Depot  
  103  6:40  Liberator  
  103  6:44  Liberator  
  103  6:45  Barracks  
  102  6:48  Barracks  
  102  6:49  Marauder, Marine x3  
  102  6:50  Widow Mine x2  
  98  7:07  Marine x2  
  98  7:10  Marauder, Marine  
  98  7:11  Marine  
  103  7:18  SCV x2  
  103  7:19  Refinery  
  103  7:21  Widow Mine x2  
  108  7:26  Liberator  
  108  7:28  Marine, Liberator  
  108  7:29  Marine x2  
  111  7:31  Orbital Command  
  111  7:32  Marauder  
  114  7:37  SCV x2  
  114  7:39  Barracks Tech Lab x2  
  118  7:49  SCV x2  
  123  7:55  Marauder  
  125  7:59  Marine x3  
  125  8:00  Marine  
  125  8:01  SCV x2  
  125  8:02  SCV  
  132  8:11  Widow Mine  
  126  8:14  Marauder  
  126  8:18  Marauder x2, Marine  
  126  8:19  Marine x2  
  130  8:21  Widow Mine  
  120  8:30  Marine  
  118  8:36  Marauder, Marine x2  
  118  8:37  SCV x3  
  118  8:39  Marauder  
  118  8:40  Widow Mine  
  118  8:41  Armory  
  125  8:42  Engineering Bay, Marauder, Marine  
  125  8:48  Marine  
  122  8:49  Widow Mine  
  122  8:54  Marine x2  
  124  8:57  Marauder  
  124  8:58  SCV x2  
  124  8:59  Marine  
  124  9:00  Marauder  
  117  9:03  Marauder  
  117  9:04  Concussive Shells  
  117  9:05  Marine  
  117  9:08  Widow Mine  
  121  9:12  Marine x2  
  118  9:17  Marine  
  118  9:19  Marauder  
  118  9:21  SCV x2, Marine  
  118  9:22  SCV  
  118  9:23  Marine  
  116  9:24  Marauder  
  116  9:30  Marine x2  
  114  9:33  SCV  
  114  9:35  Marine  
  112  9:40  Marauder x2  
  112  9:41  Marine  
  112  9:45  Marine  
  115  9:47  Marine  
  115  9:48  Marine  
  115  9:51  Widow Mine x2  
  122  9:55  Medivac x2  
  124  10:01  Marauder x2  
  124  10:04  Marauder  
  123  10:09  Marine x2  
  123  10:13  SCV  
  123  10:14  SCV x2  
Show
View Real Time Build Order
Export as new Build Order

Stats Protoss 

Build Orders: 1 Gate Expand, Blink Stalkers 

Get SALT Encoding   

  12  0:00  Probe (Chrono Boost)  
  13  0:11  Probe (Chrono Boost)  
  14  0:18  Pylon  
  14  0:22  Probe (Chrono Boost)  
  15  0:36  Probe (Chrono Boost)  
  15  0:38  Gateway  
  16  0:47  Probe (Chrono Boost)  
  16  0:48  Assimilator  
  17  0:57  Probe (Chrono Boost)  
  18  1:08  Probe (Chrono Boost)  
  20  1:18  Probe (Chrono Boost)  
  20  1:25  Nexus  
  20  1:34  Cybernetics Core  
  20  1:37  Probe (Chrono Boost)  
  21  1:43  Assimilator  
  21  1:48  Probe (Chrono Boost)  
  21  1:54  Pylon  
  22  1:58  Probe (Chrono Boost)  
  23  2:12  Probe (Chrono Boost), Stalker, Warp Gate  
  26  2:23  Probe (Chrono Boost)  
  26  2:29  Twilight Council  
  26  2:33  Probe (Chrono Boost)  
  28  2:37  Probe (Chrono Boost)  
  28  2:44  Probe (Chrono Boost)  
  29  2:47  Probe (Chrono Boost)  
  29  2:49  Robotics Facility  
  30  2:54  Probe (Chrono Boost)  
  30  2:55  Blink  
  30  2:58  Probe (Chrono Boost)  
  33  3:06  Probe (Chrono Boost)  
  33  3:08  Probe (Chrono Boost)  
  34  3:18  Probe (Chrono Boost)  
  34  3:19  Gateway, Probe (Chrono Boost)  
  36  3:24  Gateway  
  36  3:30  Probe x2 (Chrono Boost)  
  36  3:34  Observer  
  38  3:40  Assimilator  
  41  3:42  Pylon, Probe x2 (Chrono Boost)  
  41  3:54  Observer, Probe (Chrono Boost)  
  41  3:55  Pylon  
  44  3:56  Mothership Core (Chrono Boost)  
  45  4:08  Probe (Chrono Boost)  
  46  4:16  Probe (Chrono Boost)  
  47  4:17  Nexus, Stalker  
  47  4:18  Stalker  
  51  4:24  Warp Prism, Stalker  
  55  4:34  Probe (Chrono Boost)  
  55  4:36  Pylon  
  56  4:48  Stalker x2  
  56  4:49  Resonating Glaives  
  56  4:51  Stalker  
  62  4:55  Pylon  
  62  4:58  Observer  
  61  5:03  Probe x2 (Chrono Boost)  
  64  5:14  Adept, Sentry  
  70  5:15  Probe x2 (Chrono Boost)  
  70  5:18  Adept  
  70  5:20  Pylon  
  72  5:22  Pylon  
  72  5:27  Probe x2 (Chrono Boost)  
  74  5:29  Probe (Chrono Boost)  
  74  5:32  Observer  
  76  5:40  Probe (Chrono Boost)  
  76  5:41  Probe x2 (Chrono Boost)  
  76  5:42  Adept x3  
  85  5:50  Probe (Chrono Boost)  
  85  5:53  Probe x2 (Chrono Boost)  
  88  5:57  Forge x2  
  88  6:05  Adept x2, Sentry  
  88  6:07  Probe (Chrono Boost)  
  88  6:08  Probe x2 (Chrono Boost)  
  88  6:09  Pylon  
  97  6:12  Pylon  
  97  6:17  Protoss Ground Weapons Level 1  
  97  6:18  Protoss Ground Armor Level 1  
  97  6:28  Stalker x2  
  97  6:29  Adept  
  97  6:30  Gateway x2  
  97  6:32  Gateway  
  103  6:34  Probe (Chrono Boost)  
  103  6:36  Probe x2 (Chrono Boost)  
  103  6:37  Assimilator  
  103  6:38  Assimilator  
  106  6:43  Observer  
  106  6:47  Pylon  
  84  6:54  Adept  
  84  6:55  Adept x2  
  86  7:08  Mothership Core (Chrono Boost)  
  82  7:10  Probe x2 (Chrono Boost)  
  84  7:15  Adept x2  
  84  7:18  Adept, Gateway  
  84  7:19  Gateway  
  84  7:21  Gateway  
  90  7:26  Immortal  
  90  7:29  Adept x2  
  98  7:30  Adept  
  98  7:35  Probe (Chrono Boost)  
  98  7:36  Probe x2 (Chrono Boost)  
  103  7:37  Assimilator, Sentry  
  103  7:39  Pylon  
  103  7:40  Adept  
  107  7:44  Adept  
  107  7:50  Adept x2  
  113  7:58  Adept  
  115  8:00  Immortal  
  115  8:02  Adept  
  115  8:03  Adept  
  123  8:06  Pylon  
  123  8:11  Adept x2  
  123  8:12  Adept  
  123  8:16  Stalker x2  
  90  8:27  Stalker x2  
  90  8:28  Stalker  
  84  8:34  Adept x4  
  84  8:35  Immortal  
  88  8:49  Stalker x2  
  88  8:52  Adept  
  92  9:00  Adept x2  
  92  9:01  Adept  
  90  9:06  Adept, Stalker  
  92  9:11  Adept  
  93  9:22  Adept x2  
  93  9:23  Adept x2  
  79  9:32  Adept x3  
  79  9:37  Stalker x2  
  79  9:49  Adept  
  79  9:50  Adept x2  
  79  9:51  Sentry  
  87  9:53  Sentry  
  89  10:00  Stalker x2  
  74  10:15  Adept x2  
  74  10:16  Adept x4  
  74  10:18  Adept  
Tags
 
Add a new tag
Caveats
  • Supply blocks, unpowered buildings, or Contaminate may cause inaccurate times.
  • Supply counts are checked every 10 seconds.